 Dungeon Crawl Stone Soup version 0.23.2-40-g277498a001 (webtiles) character file.

Game seed: 17597667690859888341

145 Chiseanne the Chiller (level 5, 0/37 HPs)
             Began as a Demonspawn Ice Elementalist on Oct 11, 2019.
             Slain by Blork the orc
             ... wielding a +0 hand axe of electrocution
              (3 damage)
             ... on level 4 of the Dungeon.
             The game lasted 00:13:22 (3234 turns).

Chiseanne the Chiller (Demonspawn Ice Elementalist) Turns: 3234, Time: 00:13:23

Health: 0/37       AC:  9    Str:  8    XL:     5   Next: 6%
Magic:  1/9        EV: 13    Int: 17    God:
Gold:   15         SH:  0    Dex: 14    Spells: 6/10 levels left

rFire    + . .     SeeInvis .   s - +1 morningstar (drain)
rCold    + . .     Gourm    .   (no shield)
rNeg     . . .     Faith    .   e - +0 robe
rPois    .         Spirit   .   (no helmet)
rElec    .         Reflect  .   j - scarf {rC+ rF+}
rCorr    .         Harm     .   (no gloves)
MR       .....                  (no boots)
Stlth    +++.......             (no amulet)
HPRegen  0.12/turn              h - +2 ring of protection
MPRegen  0.11/turn              (no ring)

@: icy armour
A: claws 1, nightstalker 1
a: no special abilities


You were on level 4 of the Dungeon.
You were not hungry.

You visited 2 branches of the dungeon, and saw 5 of its levels.

You collected 35 gold pieces.
You spent 20 gold pieces at shops.

Inventory:

Hand Weapons
 a - a +2 short sword of draining
 s - a +1 morningstar of draining (weapon)
 w - a +0 hunting sling
Missiles
 b - 45 stones (quivered)
 d - 26 sling bullets
 f - 39 arrows
 g - 10 poisoned needles
 i - 14 tomahawks
Armour
 e - a +0 robe (worn)
 j - a scarf of resistance (worn)
Jewellery
 h - a +2 ring of protection (left claw)
Scrolls
 k - 3 scrolls of identify
Potions
 n - a potion of resistance
Comestibles
 c - 3 rations
 m - a chunk of flesh


   Skills:
 + Level 1.1 Fighting
 + Level 2.5 Dodging
 - Level 1.7 Stealth
 * Level 3.2 Spellcasting
   Level 1.0 Conjurations
 * Level 0.8 Charms
 * Level 3.7 Ice Magic


You had 6 spell levels left.
You knew the following spells:

 Your Spells              Type           Power        Failure   Level  Hunger
a - Freeze                Ice            ###.         3%          1    None
b - Ozocubu's Armour      Chrm/Ice       ##......     21%         3    ###....

Your spell library contained the following spells:

 Spells                   Type           Power        Failure   Level  Hunger
 Throw Frost              Conj/Ice       ##....       10%         2    ##.....
 Throw Icicle             Conj/Ice       ##......     54%         4    ####...
 Summon Ice Beast         Ice/Summ       #.......     61%         4    ####...


Dungeon Overview and Level Annotations

Branches:
Dungeon (4/15)             Temple (1/1) D:4

Altars:
Ashenzari
Cheibriados
Dithmenos
Fedhas
Hepliaklqana
Makhleb
Nemelex Xobeh
Qazlal
Ru
Sif Muna
Uskayaw
Zin
The Shining One

Shops:
D:4 ?

Annotations:
D:4 Blork the orc


Innate Abilities, Weirdness & Mutations

You have sharp fingernails.
You are slightly more attuned to the shadows.


Message History

Confirm with . or Enter, or press ? or * to list all spells.
Aiming: Freeze (safe; 3% risk of failure)
Press: ? - help, Shift-Dir - straight line, f - you That would be overly suicidal.
Okay, then.
Unknown command.
Casting: Freeze (safe; 3% risk of failure)
Confirm with . or Enter, or press ? or * to list all spells.
You can't see any susceptible monsters within range! (Use Z to cast anyway.)
Casting: Freeze (safe; 3% risk of failure)
Confirm with . or Enter, or press ? or * to list all spells.
Aiming: Freeze (safe; 3% risk of failure)
Press: ? - help, Shift-Dir - straight line You freeze something.
Something hits you but does no damage.
Casting: Freeze (safe; 3% risk of failure)
Confirm with . or Enter, or press ? or * to list all spells.
Aiming: Freeze (safe; 3% risk of failure)
Press: ? - help, Shift-Dir - straight line You freeze something.
Something hits you.
You die...

## ##.## #.###. #.#
#. #.# #. #+## #. #.
#...# .#### #.###
#..... ..... #.#.##
##...... #.##
####....####.......
..........{@<.......+
##....####.........
##### #.#.##
##....... # ....#
##.### #..... ##
....# #...#### ##...#
#. ....###..###..
..#+## ##
...........#.# #.#.#
## ### ....###.##.#.#
#.#.# #.. ..# ....#
#.##.#.### #.#.## #.#
#.#


There were no monsters in sight!

Vanquished Creatures
  2 worker ants (D:4)
  2 adders
  An ooze (D:2)
  An adder skeleton (D:4)
  3 dart slugs
  A leopard gecko (D:4)
  8 orcs
  5 giant cockroaches
  4 goblins
  5 hobgoblins
  2 jackals (D:2)
  5 kobolds
  3 quokkas
  2 ball pythons
  A ball python skeleton (D:4)
  4 bats
  7 frilled lizards
  4 rats
60 creatures vanquished.

Vanquished Creatures (others)
  A fungus (D:3)
1 creature vanquished.

Grand Total: 61 creatures vanquished

Notes
Turn   | Place    | Note
-------+----------+-------------------------------------------
     0 | D:1      | Chiseanne the Demonspawn Ice Elementalist began the quest
                  | for the Orb.
     0 | D:1      | Reached XP level 1. HP: 13/13 MP: 3/3
   281 | D:3      | Found a blossoming altar of Fedhas.
   288 | D:3      | Gained mutation: You are slightly more attuned to the
                  | shadows. [demonic ancestry]
   288 | D:3      | Reached XP level 2. HP: 19/19 MP: 5/5
  1058 | D:2      | Reached XP level 3. HP: 10/24 MP: 3/6
  1703 | D:2      | Gained mutation: You have sharp fingernails. [demonic
                  | ancestry]
  1703 | D:2      | Reached XP level 4. HP: 23/31 MP: 5/8
  2133 | D:4      | Found Unoniy's Magic Scroll Shoppe.
  2139 | D:4      | Bought a scroll of identify for 20 gold pieces
  2171 | D:4      | Learned a level 3 spell: Ozocubu's Armour
  2460 | D:4      | Found a staircase to the Ecumenical Temple.
  2466 | Temple   | Entered the Ecumenical Temple
  2882 | D:4      | Reached skill level 1 in Fighting
  2895 | D:4      | Reached XP level 5. HP: 27/37 MP: 4/9
  3218 | D:4      | Noticed Blork the orc
  3234 | D:4      | Slain by Blork the orc

Skill      XL: |  1  2  3  4 |
---------------+-------------+-----
Dodging        | 2 |  2.5
Ice Magic      | 3 |  3.7
Spellcasting   | 3 |  3.2
Fighting       | 1 |  1.1
Stealth        | |  1.7
Conjurations   | |  1.0
Charms         | |  0.8

Action                   |  1- 3 |  4- 6 || total
-------------------------+-------+-------++-------
Melee: Short sword       |    59 |    48 ||   107
       Morningstar       |     3 |     2 ||     5
Throw: Stone             |     1 |       ||     1
 Cast: Freeze            |    28 |    19 ||    47
       Ozocubu's Armour  |       |     3 ||     3
  Use: Scroll            |     3 |     6 ||     9
 Stab: Sleeping          |     8 |     2 ||    10
       Distracted        |       |     1 ||     1
  Eat: Chunk             |     3 |     5 ||     8
Armor: Robe              |    12 |    10 ||    22
Dodge: Dodged            |    52 |    42 ||    94
